 Dungeon Sprint DCSS version 0.26-a0-652-gafc20e3620 (webtiles) character file.

Game seed: 17539510071162922308

5441 Psyclone the Devastator (level 10, -4/76 HPs)
             Began as an Octopode Conjurer on Oct 1, 2020.
             Was an Initiate of Gozag.
             Slain by a demonic crawler (7 damage)
             ... in the Dungeon (Sprint I: "Red Sonja").
             The game lasted 00:13:56 (2064 turns).

Psyclone the Devastator (Octopode Conjurer)         Turns: 2064, Time: 00:13:56

Health: -4/76      AC:  5    Str:  6    XL:     10   Next: 68%
Magic:  0/24       EV: 23    Int: 30    God:    Gozag
Gold:   966        SH:  0    Dex: 11    Spells: 5/30 levels left

rFire    . . .     SeeInvis .   f - +0 rapier
rCold    . . .     Faith    .   (no shield)
rNeg     . . .     Spirit   .   (helmet restricted)
rPois    .         Reflect  .   (no amulet)
rElec    .         Harm     .   o - +4 ring of protection
rCorr    .         Rampage  .   n - +4 ring of evasion
MR       .....     NoTele   +   m - +6 ring of intelligence
Stlth    ++++......             (no ring)
HPRegen  0.22/turn              (no ring)
MPRegen  0.19/turn              (no ring)
                                (no ring)
                                (no ring)

@: gold aura
A: almost no armour, stealthy swim, amphibious, 8 rings, constrict 8, camouflage
1, gelatinous body 1
a: Potion Petition, Call Merchant, Bribe Branch, Renounce Religion


You were in the Dungeon.
You worshipped Gozag.
Gozag was pleased with you.
You visited 1 branch You collected 3191 gold pieces.
You spent 2225 gold pieces at shops.

Inventory:

Hand Weapons
 f - a +0 rapier (weapon)
Missiles
 h - 3 curare-tipped darts (quivered)
Jewellery
 m - a +6 ring of intelligence (on tentacle)
 n - a +4 ring of evasion (right tentacle)
 o - a +4 ring of protection (left tentacle)
 r - the ring of Vusibb {Ice rElec Str+2}
   (You found it in the Dungeon)

   [ring of ice]

   It enhances your ice magic.
   It affects your strength (+2).
   It makes you vulnerable to fire.
   It protects you from cold.
   It insulates you from electricity.
Scrolls
 a - a scroll of immolation {unknown}
 g - a scroll of blinking
 i - a scroll of remove curse {unknown}
 k - a scroll of torment {unknown}
 p - a scroll of identify {unknown}
Potions
 b - 3 potions of curing
 c - 2 potions of heal wounds
 d - 2 potions of haste
 e - 2 potions of magic
 j - a potion of invisibility {unknown}
 l - a potion of flight {unknown}
Miscellaneous
 q - a condenser vane (2/2)


   Skills:
 - Level 10.2 Fighting
 - Level 11.3 Dodging
 - Level 5.0 Stealth
 - Level 10.6 Spellcasting
 + Level 15.9 Conjurations


You had 5 spell levels left.
You knew the following spells:

 Your Spells              Type           Power        Failure   Level
a - Magic Dart            Conj           ####         0%          1
b - Searing Ray           Conj           ######       0%          2
d - Fulminant Prism       Conj/Hex       ######....   1%          4
e - Iskenderun's Mystic   Conj/Tloc      ######..     1%          4
f - Fireball              Conj/Fire      ######....   3%          5
g - Orb of Destruction    Conj           #######...   4%          7
q - Blink                 Tloc           N/A          4%          2

Your spell library contained the following spells:

 Spells                   Type           Power        Failure   Level
 Dazzling Flash           Conj/Hex       ######       1%          3
 Stone Arrow              Conj/Erth      ######       1%          3
 Apportation              Tloc           ###...       3%          1


Dungeon Overview and Level Annotations

Branches:
Dungeon (1/1)

Altars:
Cheibriados
Dithmenos
Elyvilon
Fedhas
Gozag
Hepliaklqana
Kikubaaqudgha
Makhleb
Nemelex Xobeh
Okawaru
Qazlal
Ru
Sif Muna
Trog
Uskayaw
Vehumet
Wu Jian
Xom
Yredelemnul
Zin
The Shining One
Jiyva
Lugonu

Shops:
D (=}[:[}=!!!**[([:

Annotations:
D exclusion: 4 doors


Innate Abilities, Weirdness & Mutations

You cannot wear most types of armour.
You are very stealthy in the water. (Stealth+)
You are amphibious.
You can wear up to eight rings at the same time.
You can use your tentacles to constrict eight enemies at once.
Your skin changes colour to match your surroundings (Stealth+).
Your rubbery body absorbs attacks. (AC +1, EV +1)


Message History

There is an open door here.
Casting: Searing Ray (safe; 0% risk of failure)
Confirm with . or Enter, or press ? or * to list all spells.
You blink.
You now have 0/24 mp.
You see here a potion of degeneration.
There is an open door here.
There is an entrance to Xucuof's Antique Armour Shoppe here.
There is an entrance to Cereote's Armour Emporium here.
There is an entrance to Vanlyps's Gadget Shop here.
There is an entrance to Xegodghe's Jewellery Shoppe here.
There is an entrance to Ikyirr's Distillery here.
There is an entrance to Untab's Distillery here.
Casting: Blink (safe; 4% risk of failure)
Confirm with . or Enter, or press ? or * to list all spells.
You blink.
The demonic crawler hits you.
* * * LOW HITPOINT WARNING * * *
The demonic crawler misses you. The demonic crawler hits you!
You die...
Your body crumbles into a pile of gold.

#.....#..§.§§.§#§#
$
#######..§..§§#§.#
#...[.....§.≈####$
#(.......§§≈≈# $
##.......≈≈≈##
###s.≈≈≈≈###
###'######'###


$$$$$ #∩∩########∩∩# ##∩∩∩@s§∩∩∩∩## ############ You could see a demonic
crawler.

Vanquished Creatures
  2 centaur warriors (D)
  Sonja (D)
  A deep troll (D)
  An oklob plant (D)
  A kobold demonologist (D)
  A demonic crawler (D)
  A hornet (D)
  A slime creature (D)
  2 redbacks (D)
  A yak (D)
  Sigmund (D)
  2 floating eyes (D)
  7 necrophages (D)
  An ogre (D)
  8 jellies (D)
  Ijyb (D)
  2 ballistomycete spores (D)
34 creatures vanquished.

Vanquished Creatures (others)
  16 fulminant prisms (D)
16 creatures vanquished.

Grand Total: 50 creatures vanquished

Notes
Turn   | Place    | Note
-------+----------+-------------------------------------------
     0 | D        | Psyclone the Octopode Conjurer began the quest for the Orb.
     0 | D        | Reached XP level 1. HP: 11/11 MP: 3/3
     2 | D        | Noticed Ijyb
    10 | D        | Killed Ijyb
    10 | D        | Reached XP level 2. HP: 17/17 MP: 4/6
    10 | D        | Reached XP level 3. HP: 21/21 MP: 4/7
   154 | D        | Learned a level 2 spell: Searing Ray
   154 | D        | Noticed an ogre
   158 | D        | Killed an ogre
   158 | D        | Reached skill level 5 in Stealth
   158 | D        | Reached skill level 6 in Conjurations
   158 | D        | Reached XP level 4. HP: 9/27 MP: 3/10
   350 | D        | Noticed Sigmund
   353 | D        | Killed Sigmund
   353 | D        | Reached skill level 5 in Spellcasting
   353 | D        | Reached skill level 8 in Conjurations
   353 | D        | Reached XP level 5. HP: 31/36 MP: 8/13
   353 | D        | Reached XP level 6. HP: 36/42 MP: 8/14
   411 | D        | Found a shimmering blue altar of Sif Muna.
   412 | D        | Found an ornate altar of the Wu Jian Council.
   413 | D        | Found a radiant altar of Vehumet.
   449 | D        | Found Zyizefuu's Jewellery Emporium.
   449 | D        | Found an ancient bone altar of Kikubaaqudgha.
   449 | D        | Found a hazy altar of Hepliaklqana.
   449 | D        | Found a stormy altar of Qazlal.
   449 | D        | Found a hide-covered altar of Uskayaw.
   449 | D        | Found a blossoming altar of Fedhas.
   449 | D        | Found a bloodstained altar of Trog.
   449 | D        | Found an iron altar of Okawaru.
   449 | D        | Found a basalt altar of Yredelemnul.
   449 | D        | Found a glowing golden altar of the Shining One.
   449 | D        | Found a snail-covered altar of Cheibriados.
   449 | D        | Found a sacrificial altar of Ru.
   449 | D        | Found a glowing silver altar of Zin.
   449 | D        | Found a shadowy altar of Dithmenos.
   449 | D        | Found a white marble altar of Elyvilon.
   449 | D        | Noticed a yak
   461 | D        | Killed a yak
   461 | D        | Reached skill level 9 in Conjurations
   461 | D        | Reached XP level 7. HP: 34/49 MP: 10/17
   467 | D        | Found an opulent altar of Gozag.
   468 | D        | Found a sparkling altar of Nemelex Xobeh.
   472 | D        | Became a worshipper of Gozag Ym Sagoz the Greedy
   565 | D        | Learned a level 4 spell: Fulminant Prism
   570 | D        | Learned a level 4 spell: Iskenderun's Mystic Blast
   570 | D        | Noticed Sonja
   575 | D        | Killed Sonja
   575 | D        | Reached skill level 11 in Conjurations
   575 | D        | Reached XP level 8. HP: 33/58 MP: 10/19
   855 | D        | Found Itwyek's Weapon Boutique.
   913 | D        | Noticed a deep troll
   919 | D        | Killed a deep troll
   919 | D        | Reached skill level 12 in Conjurations
   932 | D        | Found Muompoass's Armour Emporium.
   957 | D        | Noticed a centaur warrior
   974 | D        | Noticed a centaur warrior
   975 | D        | Killed a centaur warrior
   975 | D        | Reached skill level 13 in Conjurations
   975 | D        | Reached XP level 9. HP: 66/67 MP: 6/22
   977 | D        | Killed a centaur warrior
   977 | D        | Reached skill level 10 in Dodging
  1082 | D        | Noticed a hornet
  1087 | D        | Killed a hornet
  1087 | D        | Reached skill level 14 in Conjurations
  1107 | D        | Noticed an oklob plant
  1243 | D        | Killed an oklob plant
  1243 | D        | Reached skill level 10 in Spellcasting
  1243 | D        | Reached XP level 10. HP: 74/74 MP: 5/24
  1557 | D        | Bought a +6 ring of intelligence for 760 gold pieces
  1557 | D        | Bought a +4 ring of evasion for 468 gold pieces
  1557 | D        | Bought a +4 ring of protection for 468 gold pieces
  1592 | D        | Paralysed by a floating eye for 3 turns
  1727 | D        | Reached skill level 10 in Fighting
  1731 | D        | Reached skill level 15 in Conjurations
  1776 | D        | Got a faintly glowing lapis lazuli ring
  1777 | D        | Identified the ring of Vusibb {Ice rElec Str+2} (You found
                  | it in the Dungeon)
  1782 | D        | Found Xucuof's Antique Armour Shoppe.
  1782 | D        | Found Zudolamo's Gadget Shop.
  1782 | D        | Found Ziob's Book Boutique.
  1788 | D        | Found Setsaqir's Armour Boutique.
  1788 | D        | Found Dymmit Pis's Book Emporium.
  1788 | D        | Found Okoj's Antique Weapon Emporium.
  1790 | D        | Found Erysyon's Assorted Antiques.
  1790 | D        | Found Vyorphun's Assorted Antiques.
  1790 | D        | Found Zufihuy's Distillery.
  1790 | D        | Found Untab's Distillery.
  1790 | D        | Found Ikyirr's Distillery.
  1790 | D        | Found Xegodghe's Jewellery Shoppe.
  1790 | D        | Found Vanlyps's Gadget Shop.
  1791 | D        | Found Cereote's Armour Emporium.
  1814 | D        | Bought Sif Muna's Compendium of Arcane Weapons and
                  | Translocation for 516 gold pieces
  1821 | D        | Learned a level 2 spell: Blink
  1827 | D        | Learned a level 5 spell: Fireball
  1835 | D        | Learned a level 7 spell: Orb of Destruction
  1847 | D        | Bought a potion of degeneration for 13 gold pieces
  1908 | D        | Found a viscous altar of Jiyva.
  1908 | D        | Found a corrupted altar of Lugonu.
  1909 | D        | Found a burning altar of Makhleb.
  1909 | D        | Found a shimmering altar of Xom.
  1954 | D        | Noticed a kobold demonologist
  1957 | D        | Noticed a kobold demonologist
  1973 | D        | Killed a kobold demonologist
  2047 | D        | HP: 2/76 [demonic crawler (9)]
  2064 | D        | HP: 3/76 [demonic crawler (2)]
  2064 | D        | Slain by a demonic crawler

Illustrated notes

Levels and vault maps discovered:
D:        dungeon_sprint_1 [red_sonja_temple_1, red_sonja_temple_small_1]

Skill      XL: |  1  2  3  4  5  6  7  8  9 10 |
---------------+-------------------------------+-----
Dodging        | 3 4 6 7 8 9 10 11 | 11.3
Stealth        | 4 5 |  5.0
Spellcasting   | 3 4 5 6 7 9 10 | 10.6
Conjurations   | 6 8 9 11 13 14 15 | 15.9
Fighting       | 3 4 6 8 9 10 | 10.2

Action                   |  1- 3 |  4- 6 |  7- 9 | 10-12 || total
-------------------------+-------+-------+-------+-------++-------
Melee: Unarmed           |     5 |       |       |       ||     5
       Constrict         |     1 |       |       |     1 ||     2
       Tentacles         |     1 |       |       |       ||     1
       Rapier            |       |       |       |     3 ||     3
Throw: Dart              |       |       |     4 |       ||     4
 Cast: Searing Ray       |     1 |     4 |     7 |    19 ||    31
       Fulminant Prism   |       |       |    13 |     3 ||    16
       Iskenderun's Myst |       |       |       |     4 ||     4
       Magic Dart        |       |       |       |     3 ||     3
       Blink             |       |       |       |     2 ||     2
  Use: Potion            |     1 |       |       |       ||     1
Armor: Skin              |       |       |       |     5 ||     5
Dodge: Dodged            |     3 |     1 |     7 |    42 ||    53

Table legend: (Time is in decaauts)
 A = Elapsed time spent in this place.
 B = Non-inter-level travel time spent in this place.
 C = Inter-level travel time spent in this place.
 D = Time resting spent in this place.
 E = Time spent auto-exploring this place.
 F = Levels seen in this place.
 G = Mean time per level.
                   A        B        C        D        E       F      G
               +--------+--------+--------+--------+--------+-----+--------+
         Total |   2083 |   2050 |     33 |   1308 |     18 |   1 | 2083.0 |
       Dungeon |   2083 |   2050 |     33 |   1308 |     18 |   1 | 2083.0 |
               +--------+--------+--------+--------+--------+-----+--------+

Top non-repeatable levels by time:
       D: 2083 daAuts
